 Dungeon Crawl Stone Soup version 0.27.1-34-g3ba077fa99 (webtiles) character file.

Game seed: 653216533157164602

709 LLlMATKO the Chopper (level 7, -3/63 HPs)
             Began as a Minotaur Berserker on Jan 29, 2022.
             Was a Priest of Trog.
             Slain by Eustachio (5 damage)
             ... on level 4 of the Dungeon.
             The game lasted 00:03:24 (4262 turns).

LLlMATKO the Chopper (Minotaur Berserker)           Turns: 4262, Time: 00:03:25

Health: -3/63      AC:  2    Str: 22    XL:     7   Next: 40%
Magic:  0/6        EV: 17    Int:  4    God:    Trog [***...]
Gold:   133        SH:  0    Dex: 11    Spells: 6/6 levels left

rFire    . . .     SeeInvis .   r - +0 war axe
rCold    . . .     Faith    .   (no shield)
rNeg     . . .     Spirit   +   b - +0 animal skin
rPois    .         Reflect  .   (helmet restricted)
rElec    .         Harm     .   (no cloak)
rCorr    .         Rampage  .   (no gloves)
Will     .....                  (no boots)
Stlth    +.........             c - amulet of guardian spirit
HPRegen  0.20/turn              o - +4 ring of evasion
MPRegen  0.10/turn              (no ring)

@: on berserk cooldown, slowed, very slow
A: horns 2, retaliatory headbutt
a: Renounce Religion, Berserk, Trog's Hand


You were on level 4 of the Dungeon.
You worshipped Trog.
Trog was most pleased with you.
You visited 1 branch of the dungeon, and saw 4 of its levels.

You collected 133 gold pieces.

Inventory:

Hand Weapons
 r - a +0 war axe (weapon)
Armour
 b - a +0 animal skin (worn)
Jewellery
 c - an amulet of guardian spirit (around neck)
 o - a +4 ring of evasion (left hand)
Scrolls
 e - a scroll of amnesia {unknown}
 h - 2 scrolls of identify {unknown}
 k - a scroll of summoning {unknown}
 p - a scroll of fear {unknown}
Potions
 d - 2 potions of berserk rage {unknown}
 f - 3 potions of haste {unknown}
 g - a potion of heal wounds {unknown}
 i - a potion of degeneration {unknown}
 j - a potion of magic {unknown}
 l - a potion of cancellation {unknown}
 m - a potion of mutation {unknown}
 n - a potion of curing {unknown}
 q - a potion of attraction {unknown}


   Skills:
 + Level 6.0 Fighting
 + Level 6.1 Axes
 + Level 5.3 Armour
 + Level 4.9 Dodging


You had 6 spell levels left.
You didn't know any spells.
Your spell library was empty.

Dungeon Overview and Level Annotations

Branches:
Dungeon (4/15)             Temple (0/1) D:4

Altars:
Elyvilon
Makhleb
Qazlal
Uskayaw
Xom

Annotations:
D:4 Eustachio


Innate Abilities, Weirdness & Mutations

You have a pair of horns on your head.
You reflexively headbutt those who attack you in melee.


Message History

Eustachio hits you with a +0 rapier of holy wrath!
Unknown command.
You completely miss Eustachio.
Eustachio is almost dead.
Eustachio closely misses you. You furiously retaliate!
You headbutt Eustachio, but do no damage.
The quasit misses you. The quasit claws you.
The quasit claws you but does no damage.
Unknown command.
You completely miss Eustachio. Your headbutt misses Eustachio.
Eustachio is almost dead.
You miss the quasit. Eustachio closely misses you. You furiously retaliate!
You headbutt Eustachio. The quasit misses you. The quasit claws you.
The quasit closely misses you.
Eustachio hits you with a +0 rapier of holy wrath!
* * * LOW HITPOINT WARNING * * *
The quasit barely misses you. You furiously retaliate!
You headbutt the quasit! The quasit barely misses you. The quasit claws you.
* * * LOW HITPOINT WARNING * * *
You aren't carrying any items that you can evoke.
Unknown command.
Cleave: r) +0 war axe
Press: ? - help, Dir - move target, f - Eustachio
Aim: Eustachio, wielding a +0 rapier of holy wrath and wearing a +2 leather armour of poison resistance (almost dead, about 50% to evade your +0 war axe)
Okay, then.
You closely miss Eustachio. Your headbutt misses Eustachio.
Eustachio is almost dead.
You slash the quasit!
You kill the quasit!
The quasit disappears in a puff of smoke!
Eustachio hits you with a +0 rapier of holy wrath.
* * * LOW HITPOINT WARNING * * *
Eustachio casts a spell.
The iron imp hits you!
* * * LOW HITPOINT WARNING * * *
You hit Eustachio but do no damage.
Eustachio is almost dead.
You hit the iron imp.
Eustachio hits you with a +0 rapier of holy wrath.
You die...

###.....#
#######.8.....#
#..#....>.....#
..#....#8##...##
..#..########..#########
...>## ##..).......
...## ##.......... .###
##....###...# .# #....@#
.# ## #....5@.r..# #####
#......r....## ...)##
.........r..#
.............).##...##
..............# #..#
....(........# ..#
.......<....# #.#
..###.....


You could see Eustachio, an iron imp (summoned), a river rat (summoned), a
quokka (summoned) and a rat (summoned).

Vanquished Creatures
  Grinder (D:4)
  2 ogres (D:4)
  2 scorpions (D:4)
  A crimson imp (D:3)
  A hound (D:4)
  Ijyb (D:4)
  7 adders
  An ufetubus (D:4)
  An adder skeleton (D:4)
  2 dart slugs
  2 worms
  2 orcs (D:4)
  5 ball pythons
  7 endoplasms
  6 goblins
  4 hobgoblins
  3 jackals (D:3)
  4 kobolds
  2 quokkas
  9 bats
  8 frilled lizards
  5 rats
76 creatures vanquished.

Notes
Turn   | Place    | Note
-------+----------+-------------------------------------------
     0 | D:1      | LLlMATKO the Minotaur Berserker began the quest for the
                  | Orb.
     0 | D:1      | Reached XP level 1. HP: 19/19 MP: 0/0
   485 | D:1      | Reached XP level 2. HP: 23/27 MP: 1/1
  1272 | D:2      | Reached ** piety under Trog
  1273 | D:2      | Reached XP level 3. HP: 28/33 MP: 2/2
  1747 | D:2      | Reached XP level 4. HP: 35/40 MP: 3/3
  2337 | D:3      | Found a faded altar of an unknown god.
  2712 | D:3      | Found a hide-covered altar of Uskayaw.
  2718 | D:3      | Found a burning altar of Makhleb.
  2718 | D:3      | Found a shimmering altar of Xom.
  3197 | D:3      | Found a white marble altar of Elyvilon.
  3203 | D:3      | Reached XP level 5. HP: 45/47 MP: 4/4
  3301 | D:4      | Reached skill level 5 in Axes
  3409 | D:4      | Reached skill level 5 in Fighting
  3607 | D:4      | Noticed Grinder
  3615 | D:4      | Killed Grinder
  3616 | D:4      | Reached XP level 6. HP: 56/56 MP: 5/5
  3751 | D:4      | Reached skill level 5 in Armour
  3751 | D:4      | Reached XP level 7. HP: 43/62 MP: 2/6
  4018 | D:4      | Found a stormy altar of Qazlal.
  4175 | D:4      | Found a staircase to the Ecumenical Temple.
  4197 | D:4      | Reached *** piety under Trog
  4239 | D:4      | Noticed Ijyb
  4240 | D:4      | Noticed Eustachio
  4249 | D:4      | Killed Ijyb
  4261 | D:4      | HP: 2/63 [iron imp[Eustachio] (9)]
  4262 | D:4      | Slain by Eustachio

Illustrated notes

Levels and vault maps discovered:
D:1:      psy_arrival_terrarium, layout_basic, minmay_misc_feat_nine_boxes,
          minmay_split_cup_large
D:2:      layout_basic
D:3:      layout_loops_corners, grunt_temple_overflow_champion_of_chaos,
          nicolae_elyvilon_peaceful_grove, mainiacjoe_overflow_brackets,
          dreamdust_ecumenical_altar_statues
D:4:      layout_layer_cave, mainiacjoe_overflow_alcove_1, temple_statues,
          solitary_fountain, uniq_ijyb, uniq_grinder, uniq_eustachio

Skill      XL: |  1  2  3  4  5  6  7 |
---------------+----------------------+-----
Axes           | 4 5 6 |  6.1
Fighting       | 4 5 6 |  6.0
Armour         | 3 4 5 |  5.3
Dodging        | 3 4 |  4.9

Action                   |  1- 3 |  4- 6 |  7- 9 || total
-------------------------+-------+-------+-------++-------
Melee: Hand axe          |    73 |    71 |    17 ||   161
       Headbutt          |     8 |    13 |     8 ||    29
       War axe           |       |       |    17 ||    17
Invok: Berserk           |       |     1 |     1 ||     2
 Stab: Sleeping          |     1 |     1 |       ||     2
Armor: Animal skin       |    16 |    11 |     1 ||    28
Dodge: Dodged            |    38 |    44 |    28 ||   110
